 Dungeon Crawl Stone Soup version 0.27-a0-445-gbe96e517c0 (webtiles) character file.

Game seed: 7682117331302971120

403 inon the Digger (level 6, -3/35 HPs)
             Began as a Gargoyle Earth Elementalist on Feb 27, 2021.
             Killed from afar by an orc wizard (11 damage)
             ... with a puff of flame
             ... on level 4 of the Dungeon.
             The game lasted 00:07:43 (4802 turns).

inon the Digger (Gargoyle Earth Elementalist)       Turns: 4802, Time: 00:07:44

Health: -3/35      AC:  7    Str: 12    XL:     6   Next: 86%
Magic:  11/12      EV: 12    Int: 17    God:
Gold:   135        SH:  0    Dex: 10    Spells: 4/13 levels left

rFire    . . .     SeeInvis .   h - +2 whip (drain)
rCold    + . .     Faith    .   (no shield)
rNeg     + . .     Spirit   .   c - +0 robe
rPois    ∞         Reflect  .   (no helmet)
rElec    +         Harm     .   r - +0 cloak
rCorr    .         Rampage  .   (no gloves)
Will     .....                  (no boots)
Stlth    ++........             (no amulet)
HPRegen  0.11/turn              (no ring)
MPRegen  0.13/turn              (no ring)

@: no status effects
A: cold resistance 1, negative energy resistance 1, robust 1, electricity
resistance, unbreathing, petrification resistance, miasma immunity, AC +4
a: no special abilities


You were on level 4 of the Dungeon.
You visited 1 branch of the dungeon, and saw 4 of its levels.

You collected 135 gold pieces.

Inventory:

Hand Weapons
 h - a +2 whip of draining (weapon)
 t - a +0 flail
Missiles
 b - 67 stones
Armour
 c - a +0 robe (worn)
 r - a +0 cloak (worn)
Jewellery
 o - a ring of wizardry
 p - an amulet of the acrobat
Scrolls
 e - 2 scrolls of magic mapping
 g - a scroll of blinking
 k - 4 scrolls of teleportation
 m - a scroll of fear
Potions
 d - a potion of flight
 i - 3 potions of curing
 j - 2 potions of attraction
 l - a potion of ambrosia
 n - 2 potions of lignification
 q - a potion of berserk rage
 s - a potion of brilliance {unknown}


   Skills:
 - Level 1.5 Dodging
 - Level 2.1 Stealth
 + Level 4.2 Spellcasting
 + Level 3.6 Conjurations
 - Level 0.7 Transmutations
 + Level 6.1 Earth Magic


You had 4 spell levels left.
You knew the following spells:

 Your Spells              Type           Power        Failure   Level
a - Sandblast             Erth           48%          1%          1
b - Stone Arrow           Conj/Erth      40%          6%          3
c - Lee's Rapid Deconstr  Erth           12%          34%         5

Your spell library contained the following spells:

 Spells                   Type           Power        Failure   Level
 Passwall                 Tmut/Erth      12%          6%          2
 Petrify                  Tmut/Erth      15%          36%         4


Dungeon Overview and Level Annotations

Branches:
Dungeon (4/15)
 Temple: D:4-7

Altars:
Okawaru


Innate Abilities, Weirdness & Mutations

You are resistant to torment.
Your stone body is resilient. (AC +4)
You are immune to poison.
You resist negative energy. (rN+)
You are resistant to electric shocks. (rElec)
You can survive without breathing.
You are immune to petrification.
You are immune to miasma.
Your flesh is cold resistant. (rC+)
You are robust. (+10% HP)


Message History

You hit the orc. You drain the orc.
You kill the orc!
An orc comes into view. It is wielding a +0 falchion.
The orc wizard casts a spell at you. The magic dart hits you!
The orc moves out of view.
You see here a +0 club.
The orc wizard hits you with a +0 dagger.
You barely miss the orc wizard.
The orc wizard gestures at you while chanting.
The magic dart hits you!
You are too injured to fight recklessly!
You are too injured to fight recklessly!
You are too injured to fight recklessly!
You are too injured to fight recklessly!
You are too injured to fight recklessly!
You are too injured to fight recklessly!
You closely miss the orc wizard.
The orc wizard hits you but does no damage.
You barely miss the orc wizard.
The orc shouts!
The orc wizard points at you and mumbles some strange words.
The magic dart hits you.
* * * LOW HITPOINT WARNING * * *
You closely miss the orc wizard.
The orc wizard gestures at you while chanting.
The puff of flame hits you but does no damage.
You hit the orc wizard.
The orc wizard is moderately wounded.
The orc wizard hits you but does no damage.
Unknown command.
Casting: Sandblast (safe; 1% risk of failure)
Confirm with . or Enter, or press ? or * to list all spells.
Aiming: Sandblast (safe; 1% risk of failure)
Press: ? - help, Shift-Dir - straight line, f - orc wizard
Aim: an orc wizard, wielding a +0 dagger and wearing a +0 robe (moderately wounded, 24% to evade)
The blast of sand hits the orc wizard!
The orc wizard is almost dead.
The orc wizard points at you and mumbles some strange words.
The puff of flame hits you!
You die...

#.# #.#.#..###.# #.#
#.#.#....#.# #.#
#.#.#..#.#.# #.#
#.#.#.##.#.# #.#
#.#.#....#.# #.#
#.######.# #.# #.#
#.#
#.########.#.######.#
#..)@oooo..#........#
#.###################
#.# ###


You could see an orc wizard and 3 orcs.

Vanquished Creatures
  An orc priest (D:4)
  A bullfrog skeleton (D:4)
  A centaur skeleton (D:4)
  A hound (D:4)
  Jessica (D:2)
  An iguana (D:4)
  Natasha (twice) (D:4)
  3 worker ants
  An ooze (D:2)
  An ufetubus (D:4)
  5 worms
  2 dart slugs
  3 leopard geckos
  6 orcs (D:4)
  7 bats
  4 giant cockroaches
  8 goblins
  6 hobgoblins
  11 jackals
  A quokka (D:3)
  3 ball pythons
  4 frilled lizards
  7 kobolds
  9 rats
89 creatures vanquished.

Notes
Turn   | Place    | Note
-------+----------+-------------------------------------------
     0 | D:1      | inon the Gargoyle Earth Elementalist began the quest for
                  | the Orb.
     0 | D:1      | Reached XP level 1. HP: 10/10 MP: 3/3
   254 | D:1      | Reached skill level 4 in Earth Magic
   254 | D:1      | Reached XP level 2. HP: 15/15 MP: 5/5
   705 | D:1      | Reached XP level 3. HP: 19/19 MP: 6/6
   709 | D:1      | Learned a level 3 spell: Stone Arrow
  1342 | D:2      | Reached skill level 1 in Conjurations
  1342 | D:2      | Reached XP level 4. HP: 11/24 MP: 5/8
  1568 | D:2      | Noticed Jessica
  1574 | D:2      | Killed Jessica
  2188 | D:3      | Reached skill level 5 in Earth Magic
  2461 | D:3      | Reached XP level 5. HP: 15/28 MP: 8/10
  2602 | D:3      | Learned a level 5 spell: Lee's Rapid Deconstruction
  3020 | D:3      | Gained mutation: Your flesh is cold resistant. (rC+)
                  | [potion of mutation]
  3020 | D:3      | Gained mutation: You are robust. (+10% HP) [potion of
                  | mutation]
  3359 | D:4      | Reached XP level 6. HP: 12/35 MP: 7/11
  3591 | D:4      | Noticed Natasha
  3611 | D:4      | Killed Natasha
  3979 | D:4      | Found an iron altar of Okawaru.
  4341 | D:4      | Reached skill level 6 in Earth Magic
  4639 | D:4      | Noticed Natasha
  4647 | D:4      | Killed Natasha
  4802 | D:4      | Killed from afar by an orc wizard

Illustrated notes

Levels and vault maps discovered:
D:1:      erik_arrival_cave_to_civilisation [erik_arrival_cave_to_hall],
          layout_rooms, st_stairs_13
D:2:      layout_rooms, uniq_jessica
D:3:      layout_loops_corners, minmay_tree_intersection, minmay_distorted
D:4:      layout_basic, kennysheep_mini_moat, uniq_menkaure, uniq_natasha

Skill      XL: |  1  2  3  4  5  6 |
---------------+-------------------+-----
Earth Magic    | 4 5 6 |  6.1
Spellcasting   | 3 4 |  4.2
Conjurations   | 1 2 3 |  3.6
Dodging        | |  1.5
Stealth        | |  2.1
Transmutations | |  0.7

Action                   |  1- 3 |  4- 6 || total
-------------------------+-------+-------++-------
Melee: Unarmed           |    15 |    10 ||    25
       Club              |    25 |       ||    25
       Spear             |    19 |       ||    19
       Whip              |    37 |   169 ||   206
 Cast: Sandblast         |     8 |    27 ||    35
  Use: Scroll            |       |    15 ||    15
       Potion            |       |     1 ||     1
 Stab: Sleeping          |     2 |     7 ||     9
Armor: Robe              |    35 |    59 ||    94
       Skin              |       |     4 ||     4
Dodge: Dodged            |    65 |   140 ||   205

Table legend: (Time is in decaauts)
 A = Elapsed time spent in this place.
 B = Non-inter-level travel time spent in this place.
 C = Inter-level travel time spent in this place.
 D = Time resting spent in this place.
 E = Time spent auto-exploring this place.
 F = Levels seen in this place.
 G = Mean time per level.
                   A        B        C        D        E       F      G
               +--------+--------+--------+--------+--------+-----+--------+
         Total |   4827 |   4708 |    119 |    367 |   3605 |   4 | 1206.8 |
       Dungeon |   4827 |   4708 |    119 |    367 |   3605 |   4 | 1206.8 |
               +--------+--------+--------+--------+--------+-----+--------+

Top non-repeatable levels by time:
     D:4: 1646 daAuts
     D:1: 1232 daAuts
     D:3: 1168 daAuts
     D:2: 780 daAuts
